Map: World of Sleepers LE

Players

Reynor

  • Race: Zerg Zerg
  • Spawn Location: 7:00

Impact - Winner!

  • Race: Zerg Zerg
  • Spawn Location: 1:00

VOD

Have the link to the VOD?

Description

Time

  • Played on: Jan. 6, 2020, 9 p.m.
  • Length: 8:01
Show
View Real Time Build Order
Export as new Build Order

Reynor Zerg 

Build Orders: Hatch First 

Get SALT Encoding   

  12  0:01  Drone  
  13  0:13  Overlord  
  13  0:16  Drone  
  14  0:32  Drone x2  
  16  0:48  Hatchery  
  15  0:52  Drone  
  15  0:55  Drone  
  17  0:58  Drone  
  18  1:09  Extractor  
  17  1:14  Spawning Pool  
  17  1:17  Drone  
  17  1:20  Drone  
  18  1:29  Drone  
  19  1:39  Drone  
  20  1:51  Drone  
  21  2:01  Queen x2  
  21  2:02  Zergling x4  
  27  2:12  Overlord  
  27  2:13  Drone, Metabolic Boost  
  28  2:30  Drone x2  
  30  2:39  Drone  
  30  2:41  Hatchery, Drone  
  31  2:48  Drone  
  31  2:49  Baneling Nest  
  31  2:50  Drone  
  32  2:56  Overlord  
  32  3:00  Drone  
  31  3:13  Drone x4  
  31  3:19  Zergling x8  
  39  3:21  Zergling x2  
  39  3:26  Zergling x2  
  41  3:33  Overlord  
  41  3:36  Zergling x2  
  41  3:41  Roach Warren  
  41  3:42  Zergling x2  
  41  3:48  Zergling x2, Baneling  
  43  3:51  Baneling  
  43  3:52  Overlord  
  45  3:55  Zergling x6  
  45  3:56  Zergling x4  
  45  4:00  Zergling x4  
  50  4:05  Zergling x2  
  50  4:10  Overlord  
  50  4:14  Zergling x2  
  47  4:25  Roach  
  47  4:26  Roach x6  
  47  4:30  Roach  
  62  4:34  Drone x2  
  62  4:37  Extractor  
  63  4:39  Extractor  
  63  4:41  Drone, Baneling  
  63  4:42  Drone  
  63  4:43  Drone  
  65  4:47  Queen  
  65  4:49  Drone  
  67  4:54  Drone x3  
  67  4:56  Zergling x2  
  67  4:58  Baneling x2  
  71  5:00  Drone  
  71  5:02  Zergling x2  
  65  5:11  Zergling x10  
  67  5:19  Overlord  
  67  5:21  Drone x2  
  67  5:29  Ravager  
  67  5:30  Drone x3  
  66  5:38  Drone  
  66  5:40  Lair  
  66  5:41  Drone x2  
  67  5:43  Extractor  
  67  5:48  Drone  
  67  5:51  Drone x2  
  69  6:00  Drone, Evolution Chamber  
  69  6:07  Drone x5  
  69  6:11  Drone x6  
  79  6:18  Drone x2  
  81  6:20  Extractor  
  81  6:21  Extractor  
  81  6:24  Roach  
  81  6:29  Overlord x2  
  81  6:35  Overlord  
  81  6:39  Spire, Drone x2  
  81  6:54  Drone x6  
  81  6:55  Roach x4  
  93  7:01  Zergling x2, Roach x2  
  93  7:05  Roach  
  93  7:06  Zergling x2  
  93  7:08  Roach  
  99  7:09  Ravager  
  99  7:10  Ravager  
  99  7:13  Overlord  
  99  7:15  Ravager  
  102  7:16  Roach  
  102  7:18  Zergling x2  
  102  7:21  Overlord  
  104  7:26  Roach x2  
  101  7:30  Zergling x2, Roach x2  
  101  7:36  Zergling x2, Roach x2  
  100  7:41  Roach  
  100  7:42  Zergling x6, Roach  
Show
View Real Time Build Order
Export as new Build Order

Impact Zerg - Winner!

Build Orders: Hatch First 

Get SALT Encoding   

  12  0:00  Drone  
  13  0:15  Overlord  
  13  0:19  Drone  
  14  0:34  Drone x2  
  16  0:51  Hatchery  
  16  0:54  Drone  
  16  0:58  Drone  
  16  1:01  Drone  
  18  1:12  Extractor  
  18  1:16  Spawning Pool  
  16  1:19  Drone  
  16  1:23  Drone  
  18  1:31  Drone  
  19  1:43  Drone  
  20  1:53  Drone  
  21  2:03  Queen x2, Drone  
  21  2:04  Overlord  
  26  2:13  Metabolic Boost  
  26  2:14  Drone  
  27  2:15  Drone  
  28  2:24  Drone x2  
  30  2:35  Zergling x2  
  30  2:36  Zergling x2  
  32  2:42  Hatchery  
  31  2:46  Drone  
  32  2:51  Overlord  
  32  2:58  Zergling x2, Baneling Nest  
  32  3:02  Zergling x2  
  33  3:07  Drone  
  33  3:12  Drone  
  33  3:14  Zergling x2  
  33  3:15  Zergling x2  
  33  3:17  Drone x2  
  33  3:18  Drone x2  
  39  3:21  Queen  
  41  3:30  Evolution Chamber  
  40  3:35  Overlord  
  40  3:37  Drone  
  40  3:38  Drone x2  
  43  3:42  Baneling x2  
  43  3:51  Zergling x2  
  44  3:57  Zergling x8  
  44  3:58  Zergling x2, Roach Warren  
  48  4:06  Zergling x2  
  48  4:07  Zergling x4  
  48  4:08  Baneling x2  
  50  4:10  Zergling x4  
  51  4:22  Overlord  
  51  4:30  Hatchery, Zerg Missile Weapons Level 1  
  50  4:38  Extractor, Drone, Overlord  
  50  4:39  Extractor, Drone  
  50  4:42  Baneling  
  50  4:44  Drone  
  50  4:45  Drone x5  
  55  4:50  Drone x2  
  57  4:57  Overlord  
  57  5:00  Roach  
  58  5:08  Roach  
  60  5:17  Zergling x2  
  60  5:18  Zergling x2  
  61  5:23  Roach  
  61  5:25  Roach  
  61  5:28  Roach  
  65  5:30  Drone  
  65  5:34  Roach  
  64  5:41  Roach  
  64  5:42  Roach x2  
  68  5:48  Roach x2  
  68  5:49  Overlord x2  
  71  5:52  Roach  
  73  5:58  Roach  
  75  6:06  Roach  
  75  6:07  Roach  
  75  6:09  Roach x2  
  82  6:13  Roach  
  82  6:14  Overlord  
  82  6:15  Overlord x2  
  82  6:16  Overlord x2  
  82  6:17  Extractor  
  83  6:21  Roach  
  83  6:22  Baneling  
  83  6:25  Roach x2  
  89  6:30  Overlord x3  
  89  6:35  Roach x2  
  89  6:36  Roach  
  93  6:42  Roach  
  93  6:43  Roach  
  93  6:45  Roach  
  99  6:49  Roach  
  100  6:56  Roach x3  
  105  7:02  Zergling x8  
  105  7:03  Zergling x2  
  111  7:08  Zergling x6  
  111  7:10  Ravager  
  111  7:11  Ravager  
  111  7:14  Zergling x2  
  116  7:17  Zergling x4  
  116  7:18  Zergling x2  
  116  7:21  Zergling x2  
  120  7:23  Zergling x2  
  120  7:28  Zergling x4  
  115  7:31  Zergling x2, Ravager  
  115  7:32  Ravager  
  115  7:33  Ravager  
  107  7:38  Zergling x6  
Tags
 
Add a new tag
Caveats
  • Supply blocks, unpowered buildings, or Contaminate may cause inaccurate times.
  • Supply counts are checked every 10 seconds.